 Dungeon Crawl Stone Soup version 0.28-a0-1233-g92def6ad0a (webtiles) character file.

Game seed: 10183343511136256140

0 Lekart the Skirmisher (level 1, -4/19 HPs)
             Began as a Draconian Chaos Knight on Dec 23, 2021.
             Was a Plaything of Xom.
             Slain by a kobold (16 damage)
             ... on level 1 of the Dungeon.
             The game lasted 00:00:07 (45 turns).

Lekart the Skirmisher (Draconian Chaos Knight)        Turns: 45, Time: 00:00:08

Health: -4/19      AC:  4    Str: 14    XL:     1   Next: 8%
Magic:  1/1        EV: 12    Int: 12    God:    Xom [...*..]
Gold:   2          SH:  0    Dex: 10    Spells: 0/0 levels left

rFire   . . .      SeeInvis .   a - +0 hand axe (chaos)
rCold   . . .      Faith    .   (no shield)
rNeg    . . .      Spirit   .   (armour unavailable)
rPois   .          Reflect  .   (helmet restricted)
rElec   .          Harm     .   (no cloak)
rCorr   .          Rampage  .   (no gloves)
Will    .....                   (no boots)
Stlth   +.........              (no amulet)
HPRegen 0.06/turn               (no ring)
MPRegen 0.07/turn               (no ring)

@: no status effects
A: AC +4, unfitting armour, cold-blooded
a: Renounce Religion


You were on level 1 of the Dungeon.
You worshipped Xom.
You were a favourite toy of Xom.
You visited 1 branch of the dungeon, and saw 1 of its levels.

You collected 2 gold pieces.

Inventory:

Hand Weapons
 a - a +0 hand axe of chaos (weapon)


   Skills:
 + Level 3.3 Fighting
 + Level 3.0 Axes
 + Level 2.1 Dodging


You couldn't memorise any spells.
You didn't know any spells.
Your spell library was empty.

Dungeon Overview and Level Annotations

Branches:
Dungeon (1/15)

Altars:


Innate Abilities, Weirdness & Mutations

Your plain brown scales are hard. (AC +4)
You cannot fit into any form of body armour.
You are cold-blooded and may be slowed by cold attacks.


Message History

The kobold throws a stone.
The stone closely misses you.
A kobold is nearby!
A kobold is nearby!
A kobold is nearby!
You see here 14 gold pieces.
A kobold is nearby!
You hit the kobold.
The kobold suddenly seems more agile.
Xom is mildly amused.
The kobold is moderately wounded.
The kobold hits you with a +2 dagger of electrocution.
A rat comes into view.
There are monsters nearby!
You hit the kobold.
The kobold resists with significant effort.
The kobold is severely wounded.
The kobold closely misses you.
There are monsters nearby!
You closely miss the kobold.
The kobold is severely wounded.
The kobold hits you with a +2 dagger of electrocution.
The kobold closely misses you.
There are monsters nearby!
There are monsters nearby!
You miss the kobold.
Your tail-slap misses the kobold.
The kobold is severely wounded.
The kobold barely misses you.
There are monsters nearby!
There are monsters nearby!
You closely miss the kobold.
Your tail-slap misses the kobold.
The kobold is severely wounded.
The kobold hits you but does no damage. The rat barely misses you.
There are monsters nearby!
You miss the kobold.
The kobold is severely wounded.
You hit the rat. You burn the rat.
You kill the rat!
The kobold hits you with a +2 dagger of electrocution.
You are electrocuted!
Ouch! That really hurt!
You die...

#.# #####..##
#....... #.....#
#.....# #.....#
#.....#
#############.@K..#
#.................#
#.#################
#.# #.# #.# #.# #.#
#.#


You could see a kobold (agile).

Vanquished Creatures
  2 rats (D:1)
2 creatures vanquished.

Notes
Turn   | Place    | Note
-------+----------+-------------------------------------------
     0 | D:1      | Lekart the Draconian Chaos Knight began the quest for the
                  | Orb.
     0 | D:1      | Reached XP level 1. HP: 19/19 MP: 1/1
    13 | D:1      | XOM: silly message
    45 | D:1      | Slain by a kobold

Illustrated notes

Levels and vault maps discovered:
D:1:      lightli_arrival_flooded_house, layout_rooms

Action                   || total
-------------------------++-------
Melee: Hand axe          ||     7
Armor: Skin              ||     2
Dodge: Dodged            ||     5

Table legend: (Time is in decaauts)
 A = Elapsed time spent in this place.
 B = Non-inter-level travel time spent in this place.
 C = Inter-level travel time spent in this place.
 D = Time resting spent in this place.
 E = Time spent auto-exploring this place.
 F = Levels seen in this place.
 G = Mean time per level.
                   A        B        C        D        E       F      G
               +--------+--------+--------+--------+--------+-----+--------+
         Total |     46 |     46 |      0 |      0 |     29 |   1 |   46.0 |
       Dungeon |     46 |     46 |      0 |      0 |     29 |   1 |   46.0 |
               +--------+--------+--------+--------+--------+-----+--------+

Top non-repeatable levels by time:
     D:1: 46 daAuts
